AoeStats
← Nudelsohn

Fortress

507378974Analyzed
3v3 RM · 2mo ago on Sep 18, 2026· 59m 24s· 6 players
Game mode
Random Map
Map size
Large (8 player)
Population
200
Speed
Normal
Resources
Standard
Victory
Conquest
Starting age
Dark Age
Ending age
Imperial Age
RankedLock teamsTeams togetherTeam positionsShared explorationLock speedFull tech treeHidden civsTurbo modeCheats
Victory
Defeat
🇲🇽 Turks · Mexico
810
+14
🇦🇷 Persians · Argentina
800
+14
🇨🇦 Saracens · Canada
791
+14
vs
🇺🇸 Italians · United States
783
-14
🇿🇦 Sicilians · South Africa
772
-15
🇩🇪 Ethiopians · Germany
723
-13
IlIlIIIlIl69
4:50 Loom
9:20 Feudal Age
9:51 Double-Bit Axe
9:49 Horse Collar
11:22 Wheelbarrow
12:39 Fletching
12:51 Gold Mining
12:54 Stone Mining
16:39 Castle Age
15:05 Padded Archer Armor
16:12 Scale Barding Armor
16:32 Forging
17:25 Bodkin Arrow
19:02 Bow Saw
18:54 Heavy Plow
21:48 Leather Archer Armor
23:16 Hand Cart
25:57 Treadmill Crane
26:50 Ballistics
30:45 Imperial Age
28:06 Town Watch
30:27 Masonry
30:39 Thumb Ring
32:38 Chemistry
31:48 Bracer
33:21 Ring Archer Armor
34:16 Architecture
33:49 Town Patrol
34:24 Crop Rotation
34:58 Two-Man Saw
34:24 Caravan
34:49 Silk Road
34:56 Bloodlines
35:57 Elite Genoese Crossbowman
39:17 Light Cavalry
43:33 Husbandry
43:57 Chain Barding Armor
44:12 Iron Casting
44:13 Hussar
45:33 Plate Barding Armor
50:21 Blast Furnace
Nudelsohn
2:11 Loom
7:36 Feudal Age
8:20 Horse Collar
14:20 Castle Age
20:30 Wheelbarrow
21:17 Double-Bit Axe
21:43 Heavy Plow
21:44 Town Watch
22:27 Gold Mining
22:27 Stone Mining
26:38 Hand Cart
26:27 Town Patrol
27:25 Gold Shaft Mining
26:40 Stone Mining
27:41 Elite Skirmisher
28:19 Fletching
28:29 Padded Archer Armor
31:46 Imperial Age
30:12 Thumb Ring
31:50 Bodkin Arrow
32:10 Leather Archer Armor
32:31 Bracer
33:00 Conscription
34:09 Chemistry
33:32 Ballistics
33:55 Stone Shaft Mining
34:08 Ring Archer Armor
33:50 Forging
33:40 Scale Mail Armor
35:48 Bow Saw
35:24 Onager
38:05 Two-Man Saw
38:36 Crossbowman
39:08 Siege Onager
40:09 Arbalester
42:30 Iron Casting
42:10 Chain Mail Armor
42:01 Squires
42:43 Royal Heirs
46:17 Torsion Engines
50:19 Elite Shotel Warrior
51:48 Caravan
53:35 Blast Furnace
53:05 Plate Mail Armor
55:26 Halberdier
Hondkop
0:27 Loom
8:56 Feudal Age
18:00 Scale Mail Armor
17:52 Fletching
17:50 Town Watch
19:12 Forging
23:41 Castle Age
26:37 Herbal Medicine
29:42 Elite Skirmisher
32:32 Bodkin Arrow
32:53 Chain Mail Armor
32:39 Padded Archer Armor
32:32 Gold Mining
32:33 Stone Mining
42:41 Imperial Age
47:42 Bracer
47:58 Leather Archer Armor
49:08 Wheelbarrow
51:19 Conscription
52:11 Plate Mail Armor
52:16 Iron Casting
53:37 Double-Bit Axe
53:39 Horse Collar
54:08 Murder Holes
56:19 Pikeman
58:56 Chemistry
mouche Qc
8:39 Feudal Age
14:55 Castle Age
14:16 Double-Bit Axe
14:13 Horse Collar
20:06 Bow Saw
22:22 Wheelbarrow
27:06 Imperial Age
26:51 Ballistics
27:23 Onager
29:38 Husbandry
29:49 Bloodlines
30:17 Elite Mameluke
33:36 Hand Cart
37:36 Light Cavalry
38:34 Scale Barding Armor
38:40 Forging
38:24 Fletching
38:34 Padded Archer Armor
38:34 Light Cavalry
39:39 Chain Barding Armor
39:42 Hussar
41:00 Iron Casting
40:54 Elite Skirmisher
41:53 Caravan
43:42 Plate Barding Armor
43:03 Bodkin Arrow
43:24 Leather Archer Armor
44:41 Chemistry
44:58 Two-Man Saw
46:50 Conscription
48:03 Siege Onager
53:30 Blast Furnace
52:32 Bracer
53:02 Ring Archer Armor
52:18 Pikeman
52:59 Squires
BracedKey0
1:52 Loom
9:43 Feudal Age
10:30 Double-Bit Axe
12:45 Horse Collar
17:27 Castle Age
21:17 Gold Mining
22:59 Ballistics
23:03 Fortified Wall
33:07 Imperial Age
31:15 Wheelbarrow
33:11 Murder Holes
34:10 Conscription
33:40 Treadmill Crane
34:11 Masonry
34:33 Stone Mining
34:56 Bow Saw
36:56 Bloodlines
36:56 Scale Barding Armor
37:01 Forging
40:50 Forging
41:00 Chain Barding Armor
43:26 Plate Barding Armor
43:27 Iron Casting
45:48 Artillery
49:02 Blast Furnace
55:31 Elite Janissary
HEAD__SHOT
0:47 Loom
8:00 Feudal Age
9:16 Wheelbarrow
10:12 Horse Collar
10:40 Double-Bit Axe
16:55 Castle Age
15:00 Fletching
15:13 Padded Archer Armor
15:37 Gold Mining
17:21 Kamandaran
17:34 Bow Saw
17:27 Heavy Plow
18:36 Hand Cart
22:29 Thumb Ring
23:04 Leather Archer Armor
22:39 Crossbowman
25:48 Bodkin Arrow
26:13 Town Watch
28:05 Fervor
27:52 Herbal Medicine
32:07 Imperial Age
31:31 Ballistics
31:07 Murder Holes
31:23 Masonry
32:44 Conscription
33:25 Crop Rotation
34:08 Two-Man Saw
36:52 Ring Archer Armor
37:27 Chemistry
36:58 Architecture
36:46 Citadels
42:05 Husbandry
42:15 Bloodlines
41:26 Cavalier
43:37 Block Printing
43:35 Scale Barding Armor
43:41 Forging
44:37 Chain Barding Armor
49:39 Hoardings
49:58 Savar
51:19 Plate Barding Armor
51:21 Iron Casting
53:17 Caravan
54:12 Theocracy
Connection lost

Rejoining the realm…

Still unreachable

The connection could not be restored.

Session expired

The server has moved on; the page needs a fresh start.